 Dungeon Sprint DCSS version 0.31-a0-795-g5eb97db20b (webtiles) character file.

Game seed: 10928770367581045709

7426 sircluck the Brawler (level 10, -9/119 HPs)
             Began as a Troll Berserker on Sept 19, 2023.
             Was a High Priest of Trog.
             Killed by the air
             ... invoked by Gastronok
              (27 damage)
             ... in the Dungeon (Sprint III: "The Ten Rune Challenge").
             The game lasted 00:03:57 (1835 turns).

sircluck the Brawler (Troll Berserker)              Turns: 1835, Time: 00:03:58

Health: -9/119     AC:  4    Str: 31    XL:     10   Next: 93%
Magic:  9/9        EV: 12    Int:  3    God:    Trog [*****.]
Gold:   20         SH:  6    Dex:  9    Spells: 9/9 levels left

rFire   . .          .
                       - Unarmed
rCold   . . .        n - +0 kite shield
rNeg    . . .        a - +0 animal skin
rPois   .            (helmet restricted)
rElec   .            (no cloak)
rCorr   .            (gloves unavailable)
SInv    .            (boots unavailable)
Will    .....        (no amulet)
Stlth   +            (no ring)
HPRegen 1.19/turn    (no ring)
MPRegen 0.11/turn

%: no teleportation
@: on berserk cooldown, slowed, very slow
A: large, unfitting armour, claws 3, regeneration 1, shaggy fur 1, tough skin 1
a: Renounce Religion, Berserk, Trog's Hand, Brothers in Arms


You were in the Dungeon.
You worshipped Trog.
Trog was extremely pleased with you.
You visited 1 branch You collected 20 gold pieces.

Inventory:

Armour
 a - a +0 animal skin (worn)
 n - a +0 kite shield (worn)
Wands
 m - a wand of roots (5)
Scrolls
 i - 2 scrolls of immolation {unknown}
 j - 4 scrolls of identify
Potions
 b - 2 potions of curing
 d - a potion of haste
 e - 2 potions of magic
 f - a potion of berserk rage
 h - 5 potions of mutation
 k - a potion of enlightenment {unknown}
Miscellaneous
 l - a phial of floods


   Skills:
 + Level 13.4 Fighting
 + Level 13.2 Dodging
 + Level 15.5 Unarmed Combat


You had 9 spell levels left.
You didn't know any spells.
Your spell library was empty.

Dungeon Overview and Level Annotations

Branches:
Dungeon (1/1)

Altars:
Cheibriados
Dithmenos
Elyvilon
Fedhas
Gozag
Hepliaklqana
Kikubaaqudgha
Makhleb
Nemelex Xobeh
Okawaru
Qazlal
Ru
Sif Muna
Trog
Uskayaw
Vehumet
Wu Jian
Xom
Yredelemnul
Zin
The Shining One
Jiyva
Lugonu

Annotations:
D Gastronok


Innate Abilities, Weirdness & Mutations

You are too large for most types of armour.
You have claws for hands.
Your natural rate of healing is unusually fast.
You are covered in fur. (AC +1)
You have tough skin. (AC +1)


Message History

* * * LOW HITPOINT WARNING * * *
You hold your ground!
The elephant trunk-slaps you.
* * * LOW HITPOINT WARNING * * *
You feel much better. The elephant tramples you!
You hold your ground!
You block the elephant's attack.
You claw the elephant!
The elephant is moderately wounded.
You block the elephant's attack.
The elephant trunk-slaps you but does no damage.
Gastronok waves his eye-stalks in wide circles.
The air twists around and strikes you. You block the elephant's attack.
The elephant trunk-slaps you but does no damage.
You mangle the elephant!!
The elephant is heavily wounded.
Your skin stops crawling.
You feel less strong-willed. You block the elephant's attack.
The elephant trunk-slaps you.
You mangle the elephant!!
The elephant is almost dead.
The elephant tramples you!
* * * LOW HITPOINT WARNING * * *
You hold your ground!
The elephant trunk-slaps you.
* * * LOW HITPOINT WARNING * * *
You completely miss the elephant.
The elephant is almost dead.
You block the elephant's attack.
The elephant trunk-slaps you but does no damage.
Gastronok mumbles some strange words.
You mangle the elephant!!
You kill the elephant!
Trog accepts your kill. Gastronok bites you!!
* * * LOW HITPOINT WARNING * * *
There is an open door, spattered with blood here.
You mangle Gastronok!!
Gastronok is moderately wounded.
You block the rat's attack.
Gastronok waves his eye-stalks in wide circles.
The air twists around and strikes you!!
You die...
Gastronok gurgles, "Let's see if you taste as good as that wizard did."

▓#.####.##..###...'.⌠.
▓.###..##.†####...#...
▓#.....##..###....#.⌠.
###†.##...##.....#)..
##..##....#......#)##
#..###..##.#.....#.::
#).# #..#####....#___
▓▓▓▓▓▓▓▓▓▓▓▓▓▓▓▓▓▓▓▓▓
▓..w@~≈§§≈.~~≈♣♣..†..
▓..r#.§§§§.§.~♣♣†≈≈≈≈
▓.P.#~.§≈§§~≈~†).....
▓...#≈§§§§§§~≈♣♣♣♣♣♣♣
▓..[#≈≈≈~≈~§≈~♣
▓##+####+######


You could see Gastronok and a rat (summoned).

Vanquished Creatures
  A dire elephant (D)
  Erica (D)
  A centaur warrior (D)
  A deep elf pyromancer (D)
  An elephant (D)
  2 cane toads (D)
  A rime drake (D)
  An unseen horror (D)
  A komodo dragon (D)
  5 blink frogs (D)
  A shadow (D)
  A spatial vortex (D)
  A swamp drake (D)
  2 centaurs (D)
  An earth elemental (D)
  3 wandering mushrooms (D)
  A water elemental (D)
  A necrophage (D)
  A jelly (D)
  A wizard (D)
  Jessica (D)
  A necromancer (D)
  3 humans (D)
  A kobold demonologist (D)
  A phantom (D)
  An endoplasm (D)
  2 rats (D)
38 creatures vanquished.

Vanquished Creatures (collateral kills)
  A dire elephant (D)
  An elephant (D)
2 creatures vanquished.

Grand Total: 40 creatures vanquished

Notes
Turn   | Place    | Note
-------+----------+-------------------------------------------
     0 | D        | sircluck the Troll Berserker began the quest for the Orb.
     0 | D        | Reached XP level 1. HP: 22/22 MP: 0/0
    28 | D        | Noticed Jessica
    32 | D        | Killed Jessica
    32 | D        | Reached ** piety under Trog
    33 | D        | Reached skill level 4 in Unarmed Combat
    33 | D        | Reached XP level 2. HP: 21/32 MP: 1/1
    48 | D        | Reached XP level 3. HP: 39/39 MP: 2/2
    84 | D        | Reached *** piety under Trog
    85 | D        | Reached skill level 5 in Unarmed Combat
   105 | D        | Noticed a water elemental
   110 | D        | Killed a water elemental
   111 | D        | Reached skill level 5 in Fighting
   111 | D        | Reached skill level 5 in Dodging
   111 | D        | Reached skill level 6 in Unarmed Combat
   111 | D        | Reached XP level 4. HP: 32/50 MP: 3/3
   162 | D        | Noticed a shadow
   163 | D        | Killed a shadow
   164 | D        | Reached skill level 7 in Unarmed Combat
   164 | D        | Reached XP level 5. HP: 61/61 MP: 4/4
   166 | D        | Reached XP level 6. HP: 56/68 MP: 5/5
   182 | D        | Found a blossoming altar of Fedhas.
   182 | D        | Found a stormy altar of Qazlal.
   182 | D        | Found a snail-covered altar of Cheibriados.
   182 | D        | Found a burning altar of Makhleb.
   182 | D        | Found a shimmering altar of Xom.
   183 | D        | Found a hazy altar of Hepliaklqana.
   183 | D        | Found an opulent altar of Gozag.
   183 | D        | Found a sparkling altar of Nemelex Xobeh.
   183 | D        | Found a corrupted altar of Lugonu.
   183 | D        | Found a viscous altar of Jiyva.
   183 | D        | Noticed a spatial vortex
   195 | D        | Killed a spatial vortex
   195 | D        | Reached **** piety under Trog
   196 | D        | Reached skill level 8 in Unarmed Combat
   208 | D        | Found a basalt altar of Yredelemnul.
   208 | D        | Found a shadowy altar of Dithmenos.
   208 | D        | Found a sacrificial altar of Ru.
   212 | D        | Reached skill level 9 in Unarmed Combat
   235 | D        | Found a radiant altar of Vehumet.
   235 | D        | Found a shimmering blue altar of Sif Muna.
   235 | D        | Found an ancient bone altar of Kikubaaqudgha.
   239 | D        | Reached ***** piety under Trog
   240 | D        | Reached XP level 7. HP: 76/79 MP: 6/6
   240 | D        | Identified the +8 broad axe of Tukluwk {flame, rPois} (Trog
                  | gifted it to you in the Dungeon)
   240 | D        | Received a gift from Trog
   253 | D        | Found a hide-covered altar of Uskayaw.
   253 | D        | Found an iron altar of Okawaru.
   253 | D        | Found a bloodstained altar of Trog.
   253 | D        | Found an ornate altar of the Wu Jian Council.
   253 | D        | Noticed a human
   254 | D        | Noticed a human
   260 | D        | Killed a human
   265 | D        | Killed a human
   266 | D        | Reached skill level 10 in Unarmed Combat
   313 | D        | Found a glowing silver altar of Zin.
   313 | D        | Found a glowing golden altar of the Shining One.
   313 | D        | Found a white marble altar of Elyvilon.
   314 | D        | Noticed a deep elf pyromancer
   317 | D        | Noticed a fire elemental
   317 | D        | Noticed a fire elemental
   318 | D        | Noticed a fire elemental
   318 | D        | Noticed a fire elemental
   329 | D        | HP: 5/121 [deep elf pyromancer/+2 long sword of holy wrath
                  | (11)]
   330 | D        | Killed a deep elf pyromancer
   331 | D        | Reached skill level 11 in Unarmed Combat
   331 | D        | Reached XP level 8. HP: 7/92 MP: 7/7
   415 | D        | Noticed Erica
   421 | D        | Killed Erica
   422 | D        | Reached skill level 10 in Fighting
   422 | D        | Reached skill level 10 in Dodging
   476 | D        | Reached skill level 12 in Unarmed Combat
   509 | D        | Noticed a centaur warrior
   516 | D        | Killed a centaur warrior
   517 | D        | Reached XP level 9. HP: 51/102 MP: 8/8
   721 | D        | Killed an unseen horror
   722 | D        | Reached skill level 13 in Unarmed Combat
  1564 | D        | Noticed a wandering mushroom
  1569 | D        | Noticed a wandering mushroom
  1571 | D        | Noticed a wandering mushroom
  1595 | D        | Reached ****** piety under Trog
  1623 | D        | Noticed a cane toad
  1623 | D        | Noticed a komodo dragon
  1623 | D        | Noticed a cane toad
  1628 | D        | Killed a cane toad
  1628 | D        | Received a gift from Trog
  1631 | D        | Killed a komodo dragon
  1633 | D        | Killed a cane toad
  1634 | D        | Reached XP level 10. HP: 115/115 MP: 9/9
  1677 | D        | Reached skill level 14 in Unarmed Combat
  1723 | D        | Received a gift from Trog
  1802 | D        | Noticed an elephant
  1802 | D        | Noticed an elephant
  1802 | D        | Noticed a dire elephant
  1802 | D        | Noticed a dire elephant
  1807 | D        | Killed an elephant
  1812 | D        | Killed a dire elephant
  1813 | D        | Reached skill level 15 in Unarmed Combat
  1814 | D        | Noticed Gastronok
  1825 | D        | Killed a dire elephant
  1833 | D        | Killed an elephant
  1835 | D        | Killed from afar by Gastronok

Illustrated notes

Levels and vault maps discovered:
D:        dungeon_sprint_mu [sprint_mu_entry_cave, sprint_mu_temple_rooms,
          sprint_mu_d1_horrors, sprint_mu_d2_genie, sprint_mu_d3_branching,
          sprint_mu_orc_legion, sprint_mu_elf_gauntlet, sprint_mu_hive_nellie,
          sprint_mu_lair_fedhas, sprint_mu_vaults_butterflies,
          sprint_mu_slime_circle, sprint_mu_swamp_cave, sprint_mu_shoals_archi,
          sprint_mu_blade_basic, sprint_mu_crypt_fortress,
          sprint_mu_tomb_spiral, sprint_mu_vestibule_basic,
          sprint_mu_gehenna_hellfire, sprint_mu_dis_giant,
          sprint_mu_tartarus_statrot, sprint_mu_cocytus_islands, sprint_mu_zot1]

Skill      XL: |  1  2  3  4  5  6  7  8  9 10 |
---------------+-------------------------------+-----
Fighting       | 3 5 6 7 9 10 12 13 | 13.4
Dodging        | 3 5 6 7 9 10 11 13 | 13.2
Unarmed Combat | 4 6 7 9 11 12 13 15 | 15.5

Action                     |  1- 3 |  4- 6 |  7- 9 | 10-12 || total
---------------------------+-------+-------+-------+-------++-------
  Melee: Unarmed           |    21 |    21 |    86 |    42 ||   170
         Punch             |     2 |       |       |       ||     2
 Invoke: Berserk           |     1 |       |     4 |     1 ||     6
         Trog's Hand       |       |       |       |     1 ||     1
         Brothers in Arms  |       |       |       |     1 ||     1
    Use: Potion            |       |       |     1 |     1 ||     2
         Scroll            |       |       |     1 |       ||     1
 Armour: Animal skin       |    12 |     3 |    88 |    36 ||   139
  Dodge: Dodged            |     5 |     4 |    37 |    17 ||    63
  Block: Kite shield       |       |       |    29 |    19 ||    48

Table legend: (Time is in decaauts)
 A = Elapsed time spent in this place.
 B = Non-inter-level travel time spent in this place.
 C = Inter-level travel time spent in this place.
 D = Time resting spent in this place.
 E = Time spent auto-exploring this place.
 F = Levels seen in this place.
 G = Mean time per level.
                   A        B        C        D        E       F      G
               +--------+--------+--------+--------+--------+-----+--------+
         Total |   1862 |   1845 |     17 |   1337 |     61 |   1 | 1862.0 |
       Dungeon |   1862 |   1845 |     17 |   1337 |     61 |   1 | 1862.0 |
               +--------+--------+--------+--------+--------+-----+--------+

Top non-repeatable levels by time:
       D: 1862 daAuts
